 Dungeon Crawl Stone Soup version 0.29.0-13-gc9e81de378 (webtiles) character file.

Game seed: 9611632792824577238

8509 capka3m the Grappler (level 11, -1/94 HPs)
             Began as a Troll Monk on Sept 10, 2022.
             Was an Elder of the Shining One.
             Slain by a troll simulacrum (8 damage)
             ... in an ice cave.
             The game lasted 00:15:36 (7719 turns).

capka3m the Grappler (Troll Monk)                   Turns: 7719, Time: 00:15:37

Health: -1/94      AC: 11    Str: 21    XL:     11   Next: 10%
Magic:  0/10       EV: 10    Int:  6    God:    the Shining One [****..]
Gold:   686        SH:  0    Dex: 16    Spells: 10/10 levels left

rFire   + . .      SeeInvis .     - Unarmed
rCold   . . .      Faith    .   (no shield)
rNeg    + + .      Spirit   +   G - +2 robe {rF+}
rPois   .          Reflect  .   B - +1 hat {Will+}
rElec   .          Harm     .   (no cloak)
rCorr   .          Rampage  .   (gloves unavailable)
Will    +....                   (boots unavailable)
Stlth   +.........              n - amulet of guardian spirit
HPRegen 1.05/turn               e - ring of flight
MPRegen 0.12/turn               x - +4 ring of protection

@: flying, glowing
A: large, unfitting armour, claws 3, regeneration 1, shaggy fur 1, tough skin 1
a: Renounce Religion, Divine Shield, Cleansing Flame


You were in an ice cave.
You worshipped the Shining One.
The Shining One was greatly pleased with you.
You visited 3 branches of the dungeon, and saw 12 of its levels.
You also visited: Ice Cave.

You collected 686 gold pieces.

Inventory:

Missiles
 d - 3 large rocks (quivered)
 o - a throwing net
 F - a curare-tipped dart
Armour
 B - a +1 hat of willpower (worn)
 G - a +2 robe of fire resistance (worn)
Jewellery
 e - a ring of flight (left claw)
 n - an amulet of guardian spirit (around neck)
 x - a +4 ring of protection (right claw)
 H - a +6 ring of strength
Wands
 p - a wand of charming (14)
 I - a wand of flame (10)
Scrolls
 a - a scroll of fog {unknown}
 c - 10 scrolls of identify {unknown}
 f - 2 scrolls of vulnerability {unknown}
 g - 4 scrolls of enchant armour {unknown}
 h - a scroll of noise {unknown}
 m - a scroll of torment {unknown}
 r - 4 scrolls of teleportation {unknown}
 s - 2 scrolls of blinking {unknown}
 u - a scroll of amnesia {unknown}
 v - a scroll of immolation {unknown}
 y - a scroll of magic mapping {unknown}
 A - a scroll of enchant weapon {unknown}
Potions
 b - 2 potions of ambrosia
 i - 3 potions of curing
 j - 2 potions of brilliance
 k - 4 potions of haste {unknown}
 l - a potion of degeneration {unknown}
 q - 5 potions of attraction {unknown}
 t - a potion of berserk rage {unknown}
 w - a potion of heal wounds {unknown}
 z - a potion of lignification {unknown}
 C - 2 potions of might {unknown}
 D - 2 potions of flight {unknown}
 E - a potion of mutation {unknown}


   Skills:
 - Level 2.4 Fighting
 + Level 9.1 Throwing
 - Level 2.4 Dodging
 - Level 1.0 Stealth
 * Level 14.3 Unarmed Combat


You had 10 spell levels left.
You didn't know any spells.
Your spell library contained the following spells:

 Spells                   Type           Power      Damage    Failure   Level
 Apportation              Tloc           0%         N/A       45%         1
 Beastly Appendage        Tmut           0%         N/A       45%         1
 Freeze                   Ice            0%         1d3       45%         1
 Necrotise                Necr           0%         1d4       45%         1
 Summon Small Mammal      Summ           0%         N/A       45%         1
 Poisonous Vapours        Pois/Air       0%         N/A       58%         2
 Wereblood                Tmut           0%         N/A       58%         2
 Frozen Ramparts          Ice            0%         1d1       83%         3
 Spider Form              Tmut/Pois      0%         N/A       83%         3
 Corpse Rot               Necr/Pois/Air  0%         N/A       99%         4
 Hailstorm                Conj/Ice       0%         3d3       99%         4
 Summon Forest            Summ/Tloc      0%         N/A       100%        5
 Summon Mana Viper        Hex/Summ       0%         N/A       100%        5
 Summon Cactus Giant      Summ           0%         N/A       100%        6


Dungeon Overview and Level Annotations

Branches:
Dungeon (10/15)            Temple (1/1) D:4            Lair (1/5) D:9
  IceCv (1/1)
    Orc: D:9-12

Altars:
Ashenzari
Cheibriados
Dithmenos
Elyvilon
Fedhas
Hepliaklqana
Makhleb
Nemelex Xobeh
Okawaru
Qazlal
Ru
Sif Muna
Trog
Uskayaw
Vehumet
Wu Jian
Xom
Yredelemnul
Zin
The Shining One

Shops:
D:5 *

Annotations:
D:7 3 runed translucent doors, ImASeal's ghost, novice TrFi; martbhell's ghost, novice MiBe; rossy's ghost, novice GnFi; topfpfpflanze's ghost, novice OpFi


Innate Abilities, Weirdness & Mutations

You are too large for most types of armour.
You have claws for hands.
Your natural rate of healing is unusually fast.
You are covered in fur. (AC +1)
You have tough skin. (AC +1)


Message History

The wyvern barely misses you.
You scratch the wyvern but do no damage.
You claw the wyvern.
The wyvern is lightly wounded.
The wyvern bites you but does no damage.
You barely miss the wyvern. You claw the wyvern!
The wyvern is severely wounded.
The wyvern barely misses you.
You scratch the wyvern but do no damage.
The wyvern is severely wounded.
The wyvern barely misses you.
You mangle the wyvern!!
You kill the wyvern!
There is a frozen archway here.
The world spins around you as you enter the gateway.
You enter an ice cave!
Found an ice covered gate leading back out of this place.
There is an ice choked empty arch of ancient stone here.
The troll simulacrum bites you. The troll simulacrum freezes you!!
The troll simulacrum misses you. The troll simulacrum claws you.
The troll simulacrum freezes you!
You claw the troll simulacrum!
The troll simulacrum is heavily damaged.
The troll simulacrum bites you. The troll simulacrum freezes you!
The troll simulacrum claws you but does no damage. x2
The troll simulacrum bites you! The troll simulacrum freezes you!!
* * * LOW HITPOINT WARNING * * *
The troll simulacrum claws you but does no damage. x2
There is an ice choked empty arch of ancient stone here.
You feel better.
You claw the troll simulacrum!
The troll simulacrum is almost destroyed.
You scratch the troll simulacrum but do no damage.
The troll simulacrum is almost destroyed.
The troll simulacrum misses you. The troll simulacrum claws you.
* * * LOW HITPOINT WARNING * * *
The troll simulacrum freezes you!!
* * * LOW HITPOINT WARNING * * *
The troll simulacrum claws you!
You die...

#### ##..## .
##....### #..
#.......##....
#..@Z.........
#...Z.........
##....##..##..
##..## ## ####


You could see 2 troll simulacra.

Vanquished Creatures
  Gastronok (D:8)
  2 two-headed ogres (D:9)
  A deep elf pyromancer (D:7)
  Psyche (D:9)
  A troll (D:9)
  A hornet (D:8)
  Sigmund (D:2)
  10 yaks
  A wyvern (Lair:1)
  A steam dragon (D:8)
  A water moccasin (D:7)
  An acid dragon (D:7)
  Duvessa (D:7)
  5 orc warriors
  A sky beast (D:7)
  A black bear (D:6)
  An ogre (D:8)
  A wolf (D:9)
  3 centaurs
  A kobold brigand (D:8)
  A necrophage (D:6)
  5 bullfrogs
  2 scorpions (D:5)
  3 wights (D:7)
  Dowan (D:7)
  A howler monkey (D:6)
  3 electric eels (D:9)
  A jelly (D:6)
  10 hounds
  4 orc priests
  Terence (D:2)
  2 iguanas
  8 orc wizards
  7 gnolls
  2 adders
  A shadow imp (D:7)
  2 white imps
  4 worms
  2 dart slugs (D:1)
  44 orcs
  13 ball pythons
  5 endoplasms
  4 giant cockroaches
  8 hobgoblins
  4 jackals
  6 quokkas
  6 bats
  4 frilled lizards
  13 goblins
  18 kobolds
  6 rats
227 creatures vanquished.

Vanquished Creatures (others)
  2 withered plants (D:7)
2 creatures vanquished.

Grand Total: 229 creatures vanquished

Notes
Turn   | Place    | Note
-------+----------+-------------------------------------------
     0 | D:1      | capka3m the Troll Monk began the quest for the Orb.
     0 | D:1      | Reached XP level 1. HP: 22/22 MP: 0/0
    60 | D:1      | Reached XP level 2. HP: 29/29 MP: 1/1
   216 | D:1      | Reached skill level 1 in Throwing
   280 | D:1      | Reached XP level 3. HP: 36/36 MP: 2/2
   369 | D:1      | Reached skill level 4 in Unarmed Combat
   552 | D:1      | Found a faded altar of an unknown god.
   676 | D:2      | Noticed Sigmund
   676 | D:2      | Noticed Terence
   685 | D:2      | Killed Sigmund
   686 | D:2      | Reached skill level 5 in Unarmed Combat
   686 | D:2      | Reached XP level 4. HP: 27/44 MP: 3/3
   686 | D:2      | Reached XP level 5. HP: 31/50 MP: 4/4
   700 | D:2      | Killed Terence
   997 | D:2      | Identified the +6 hand axe of Doom {flame, Drain rCorr
                  | Dex+2}
  1046 | D:2      | You are sucked into a shaft and drop 1 floor!
  1231 | D:3      | Found a blossoming altar of Fedhas.
  1240 | D:3      | Reached XP level 6. HP: 59/59 MP: 5/5
  1446 | D:3      | Reached skill level 6 in Unarmed Combat
  1822 | D:4      | Found a shimmering blue altar of Sif Muna.
  1930 | D:4      | Found a staircase to the Ecumenical Temple.
  1948 | Temple   | Entered the Ecumenical Temple
  2005 | Temple   | Became a worshipper of the Shining One
  2005 | Temple   | Reached * piety under the Shining One
  2005 | Temple   | Reached ** piety under the Shining One
  2491 | D:5      | Entered Level 5 of the Dungeon
  2505 | D:5      | Found a glowing silver altar of Zin.
  2653 | D:5      | Found Oblefima's Assorted Antiques.
  2821 | D:5      | Found a broken altar of Ashenzari.
  2872 | D:5      | Reached skill level 7 in Unarmed Combat
  2872 | D:5      | Reached XP level 7. HP: 61/66 MP: 4/6
  3433 | D:6      | Reached skill level 8 in Unarmed Combat
  3735 | D:6      | Reached XP level 8. HP: 70/74 MP: 7/7
  4186 | D:7      | Found a stormy altar of Qazlal.
  4186 | D:7      | Noticed Dowan
  4187 | D:7      | Noticed Duvessa
  4192 | D:7      | Killed Duvessa
  4193 | D:7      | Reached skill level 5 in Throwing
  4195 | D:7      | Killed Dowan
  4327 | D:7      | Reached skill level 9 in Unarmed Combat
  4341 | D:7      | Found a runed translucent gate.
  4350 | D:7      | Found a runed translucent gate.
  4365 | D:7      | Noticed ImASeal's ghost (novice TrFi)
  4366 | D:7      | Found a runed translucent gate.
  4366 | D:7      | Noticed martbhell's ghost (novice MiBe)
  4367 | D:7      | Noticed topfpfpflanze's ghost (novice OpFi)
  4368 | D:7      | Noticed rossy's ghost (novice GnFi)
  4493 | D:7      | Reached *** piety under the Shining One
  5413 | D:8      | Reached skill level 10 in Unarmed Combat
  5514 | D:8      | Noticed Gastronok
  5514 | D:8      | Noticed a deep elf pyromancer
  5518 | D:8      | Reached XP level 9. HP: 71/80 MP: 6/8
  5692 | D:7      | Killed a deep elf pyromancer
  5693 | D:7      | Reached skill level 11 in Unarmed Combat
  5810 | D:8      | Killed Gastronok
  5811 | D:8      | Reached skill level 12 in Unarmed Combat
  5912 | D:8      | Paralysed by a hornet for 1 turns
  5918 | D:8      | Reached XP level 10. HP: 74/88 MP: 9/9
  6708 | D:8      | Reached skill level 13 in Unarmed Combat
  6825 | D:9      | Found a bloodstained altar of Trog.
  6836 | D:9      | Noticed a two-headed ogre
  6846 | D:9      | Killed a two-headed ogre
  6894 | D:9      | Found a burning altar of Makhleb.
  6894 | D:9      | Noticed Psyche
  6904 | D:9      | Killed Psyche
  7058 | D:10     | Entered Level 10 of the Dungeon
  7110 | D:9      | Reached skill level 14 in Unarmed Combat
  7204 | D:9      | Reached XP level 11. HP: 18/94 MP: 1/10
  7309 | D:9      | Found a shimmering altar of Xom.
  7510 | D:9      | Noticed a two-headed ogre
  7510 | D:9      | Reached **** piety under the Shining One
  7517 | D:9      | Killed a two-headed ogre
  7583 | D:9      | Found a staircase to the Lair.
  7631 | Lair:1   | Entered Level 1 of the Lair of Beasts
  7696 | Lair:1   | Found a frozen archway.
  7709 | IceCv    | Entered an ice cave
  7719 | IceCv    | Slain by a troll simulacrum

Illustrated notes

Levels and vault maps discovered:
D:1:      doesnt_arrival_eight_statues, layout_basic,
          ebering_ecumenical_altar_abandoned
D:2:      layout_loops_ring, uniq_sigmund, uniq_terence
D:3:      layout_basic, overflow_temple_1_default, kennysheep_generic_room_3
D:4:      layout_loops_cross, nicolae_sif_muna_condensation,
          minmay_temple_entry_statues_fountains
D:5:      layout_rooms, lemuel_tele_altar, ashenzari_conservatory_becter,
          serial_shops, shop, lemuel_old_faithful
D:6:      layout_layer_cave, amcnicky_mini_pool_small, dreamdust_gnoll_farm
D:7:      layout_layer_cave, mainiacjoe_overflow_24_doors,
          gammafunk_ghost_cemetery, uniq_duvessa
D:8:      layout_basic, special_room [special_room_orc], uniq_gastronok
D:9:      layout_roguey, mainiacjoe_overflow_alcove_4,
          mainiacjoe_overflow_small_starburst, lemuel_round_altar,
          erik_lair_island, uniq_psyche
D:10:     layout_loops_ring, gammafunk_temple_overflow_statue,
          reono_crystal_passage, grunt_potential
Temple:   nicolae_temple_hex_pool
Lair:1:   layout_big_grid, portal_ice_cave_entry_pillars_2, grunt_megastairs_2,
          uniq_sonja, uniq_nergalle
IceCv:    ice_cave_tombish

Skill      XL: |  1  2  3  4  5  6  7  8  9 10 |
---------------+-------------------------------+-----
Throwing       | 1 2 3 4 6 7 9 |  9.1
Unarmed Combat | 5 7 8 10 12 14 | 14.3
Fighting       | |  2.4
Dodging        | |  2.4
Stealth        | |  1.0

Action                   |  1- 3 |  4- 6 |  7- 9 | 10-12 || total
-------------------------+-------+-------+-------+-------++-------
Melee: Unarmed           |    97 |   140 |   150 |   197 ||   584
       Punch             |       |     7 |    11 |    14 ||    32
  Use: Potion            |       |       |       |     1 ||     1
 Stab: Sleeping          |     7 |     1 |       |       ||     8
Armor: Robe              |    35 |    32 |    30 |    22 ||   119
       Steam dragon scal |       |       |     1 |    42 ||    43
Dodge: Dodged            |    34 |    69 |    78 |    83 ||   264
